AoeStats
← DK_Odysseo

Arena

507340829Analyzed
1v1 RM · 15d ago on Sep 17, 2026· 35m 31s· 2 players
Game mode
Random Map
Map size
Tiny (2 player)
Population
200
Speed
Normal
Resources
Standard
Victory
Conquest
Starting age
Dark Age
Ending age
Imperial Age
RankedLock teamsTeams togetherTeam positionsShared explorationLock speedFull tech treeHidden civsTurbo modeCheats
Victory
Defeat
🇨🇿 Poles · Czechia
1840
+16
🇪🇸 Georgians · Spain
1831
-16
DK_Odysseo
10:20 Feudal Age
8:58 Loom
11:01 Feudal Age
17:06 Castle Age
16:04 Double-Bit Axe
16:23 Horse Collar
17:28 Light Cavalry
19:34 Fletching
24:26 Sanctity
25:33 Wheelbarrow
24:44 Town Watch
25:33 Heavy Plow
26:16 Bow Saw
31:27 Imperial Age
31:03 Bloodlines
30:54 Husbandry
31:00 Scale Barding Armor
32:22 Chain Barding Armor
32:09 Capped Ram
33:19 Masonry
35:10 Plate Barding Armor
35:12 Cavalier
DanielCZ
5:54 Loom
8:36 Feudal Age
9:17 Double-Bit Axe
9:14 Horse Collar
18:36 Castle Age
19:41 Bow Saw
19:32 Heavy Plow
22:22 Wheelbarrow
25:06 Gold Mining
28:19 Imperial Age
25:42 Fletching
26:29 Bodkin Arrow
26:05 Crossbowman
27:12 Hand Cart
27:47 Ballistics
28:16 Hand Cart
29:06 Bracer
30:10 Chemistry
28:51 Arbalester
31:01 Padded Archer Armor
33:04 Scale Barding Armor
33:17 Szlachta Privileges
33:40 Cavalier
34:41 Chain Barding Armor
35:31 Bloodlines
35:33 Forging
36:14 Thumb Ring
Connection lost

Rejoining the realm…

Still unreachable

The connection could not be restored.

Session expired

The server has moved on; the page needs a fresh start.